 Dungeon Crawl Stone Soup version 0.26-a0-651-gb41185065b (webtiles) character file.

Game seed: 17658965735857756430

229 Bliebski the Insei (level 6, 0/58 HPs)
             Began as an Octopode Transmuter on Oct 18, 2020.
             Was a Plaything of Xom.
             Slain by Purgy the boggart (2 damage)
             ... in a sewer.
             The game lasted 00:14:13 (3793 turns).

Bliebski the Insei (Octopode Transmuter)            Turns: 3793, Time: 00:14:15

Health: 0/58       AC: 23    Str:  9    XL:     6   Next: 3%
Magic:  10/10      EV:  2    Int: 11    God:    Xom [.*....]
Gold:   208        SH:  9    Dex: 13    Spells: 9/10 levels left

rFire    . . .     SeeInvis .   u - +4 dagger
rCold    . . .     Faith    +   q - +2 kite shield
rNeg     + + +     Spirit   .   (helmet currently unavailable)
rPois    +         Reflect  .   l - amulet of faith
rElec    .         Harm     .   h - ring of wizardry
rCorr    .         Rampage  .   (no ring)
MR       .....     NoTele   +   (no ring)
Stlth    +.........             (no ring)
HPRegen  0.19/turn              (no ring)
MPRegen  0.12/turn              (no ring)
                                (no ring)
                                (no ring)

@: tree-form, very slightly contaminated, invisible
A: almost no armour, stealthy swim, (amphibious), 8 rings, (constrict 8), blurry
vision 1, clumsy 1, dopey 2
a: Renounce Religion


You were in a sewer.
You worshipped Xom.
You were a plaything of Xom.
You were a tree.
You visited 1 branch of the dungeon, and saw 4 of its levels.
You also visited: Sewer.

You collected 208 gold pieces.

Inventory:

Hand Weapons
 u - a +4 dagger (weapon)
Missiles
 n - 40 stones (quivered)
 o - 5 curare-tipped darts
Armour
 p - a +0 buckler of positive energy
 q - a +2 kite shield (worn)
Jewellery
 h - a ring of wizardry (left branch)
 j - a -4 ring of dexterity
 l - an amulet of faith (around neck)
Scrolls
 a - 2 scrolls of fear {unknown}
 c - a scroll of magic mapping {unknown}
 d - 2 scrolls of remove curse
 g - 5 scrolls of identify
 k - a scroll of enchant weapon {unknown}
 m - 4 scrolls of teleportation {unknown}
 r - a scroll of random uselessness {unknown}
 t - a scroll of amnesia {unknown}
Potions
 b - 3 potions of magic
 e - a potion of haste
 i - a potion of berserk rage {unknown}
 s - a potion of ambrosia {unknown}
 v - a potion of stabbing {unknown}
 w - 2 potions of invisibility
 x - a potion of degeneration {unknown}
 z - a potion of flight {unknown}


   Skills:
 + Level 2.2 Fighting
 + Level 2.7 Dodging
 * Level 1.3 Shields
 + Level 3.8 Unarmed Combat
 + Level 2.8 Spellcasting
 * Level 3.7 Transmutations


You had 9 spell levels left.
You knew the following spells:

 Your Spells              Type           Power        Failure   Level
a - Beastly Appendage     Tmut           #.....       14%         1

Your spell library contained the following spells:

 Spells                   Type           Power        Failure   Level
 Wereblood                Tmut           #.......     21%         2
 Spider Form              Tmut/Pois      #.........   63%         3
 Ice Form                 Ice/Tmut       #.......     95%         4
 Blade Hands              Tmut           #.........   97%         5


Dungeon Overview and Level Annotations

Branches:
Dungeon (4/15)              Sewer (1/1)
 Temple: D:4-7

Altars:
Cheibriados
Elyvilon
Gozag
Makhleb
Sif Muna
Uskayaw
Vehumet
Wu Jian
Xom
The Shining One

Annotations:
Sewer Purgy


Innate Abilities, Weirdness & Mutations

You cannot wear most types of armour.
You are very stealthy in the water. (Stealth+)
((You are amphibious.))
You can wear up to eight rings at the same time.
((You can use your tentacles to constrict eight enemies at once.))
((Your skin changes colour to match your surroundings (Stealth+).))
((Your rubbery body absorbs attacks. (AC +1, EV +1)))
Scrolls take you a little longer to read.
You are clumsy. (Dex -2)
You are very dopey. (Int -4)


Message History

Purgy gestures wildly while chanting.
Purgy flickers and vanishes!
Deactivating autopickup; reactivate with Ctrl-A.
You barely miss something. Something hits you but does no damage.
You block something's attack.
You hit something but do no damage. Something completely misses you.
You closely miss something. Your punch misses something. Something hits you.
* * * LOW HITPOINT WARNING * * *
You barely miss something. Something hits you but does no damage.
You hear some strange, mumbled words.
You hit the giant cockroach but do no damage.
Something hits you but does no damage.
The giant cockroach bites you but does no damage.
You catch the helpless giant cockroach completely off-guard!
You hit the giant cockroach.
You kill the giant cockroach!
The giant cockroach's corpse dissolves into shadows!
Something hits you.
You die... "Huh?
Did I miss anything?"

##################
#.##.##.##∩##.##s#
#.##.##.##.##†##{#
#'##'##'##.##'##♣##+#
#...................#
#≈≈≈≈≈≈≈≈≈.≈≈≈≈≈≈≈≈≈#≈≈≈
#≈≈≈≈≈≈≈≈≈∩≈≈≈≈≈≈≈≈≈#≈≈≈
#≈≈≈≈≈≈≈≈≈.≈≈≈≈≈≈≈≈≈#≈≈≈
#...................####
#'##'##'##'##+##+##+#
#.##.##.##.#
#.##.##.##.#


You could see a giant cockroach (summoned, wandering).

Vanquished Creatures
  A hound (D:4)
  Natasha (twice) (D:2)
  Robin (D:2)
  5 adders
  11 dart slugs
  An orc (D:3)
  5 bats
  3 giant cockroaches
  14 goblins
  10 hobgoblins
  3 jackals (D:1)
  5 kobolds
  A quokka (D:3)
  8 frilled lizards
  6 rats
76 creatures vanquished.

Notes
Turn   | Place    | Note
-------+----------+-------------------------------------------
     0 | D:1      | Bliebski the Octopode Transmuter began the quest for the
                  | Orb.
     0 | D:1      | Reached XP level 1. HP: 13/13 MP: 3/3
   239 | D:1      | Reached XP level 2. HP: 18/18 MP: 3/5
  1063 | D:1      | Reached XP level 3. HP: 20/23 MP: 4/6
  1311 | D:2      | Found a burning altar of Makhleb.
  1312 | D:2      | Noticed Robin
  1415 | D:2      | Killed Robin
  1620 | D:2      | Found a shimmering blue altar of Sif Muna.
  1622 | D:2      | Found a glowing golden altar of the Shining One.
  1624 | D:2      | Found an ornate altar of the Wu Jian Council.
  1624 | D:2      | Found a snail-covered altar of Cheibriados.
  1624 | D:2      | Found a radiant altar of Vehumet.
  1627 | D:2      | Found a white marble altar of Elyvilon.
  1635 | D:2      | Found a shimmering altar of Xom.
  1712 | D:2      | Became a worshipper of Xom of Chaos
  1747 | D:2      | HP: 1/23 [adder (5)]
  1750 | D:2      | Reached XP level 4. HP: 1/28 MP: 4/7
  1757 | D:2      | HP: 1/42 [poisoned by an adder]
  2020 | D:2      | XOM: divination: magic mapping
  2151 | D:2      | XOM: smoke on damage
  2489 | D:2      | Noticed Natasha
  2497 | D:2      | Killed Natasha
  2620 | D:2      | Noticed Natasha
  2628 | D:2      | Killed Natasha
  2628 | D:2      | Reached XP level 5. HP: 26/34 MP: 6/8
  2801 | D:3      | Reached skill level 1 in Shields
  2828 | D:3      | XOM: blink monster(s)
  2953 | D:3      | XOM: summons 1 hostile demon
  3204 | D:3      | XOM: torment (18/34 hp)
  3488 | D:3      | Found an opulent altar of Gozag.
  3488 | D:3      | Found a hide-covered altar of Uskayaw.
  3600 | D:4      | Found a glowing drain.
  3624 | D:4      | Reached XP level 6. HP: 33/39 MP: 10/10
  3634 | Sewer    | Entered a sewer
  3663 | Sewer    | XOM: give mutations
  3663 | Sewer    | Gained mutation: You occasionally shout uncontrollably at
                  | your foes. [Xom's mischief]
  3663 | Sewer    | Gained mutation: You are dopey. (Int -2) [Xom's mischief]
  3663 | Sewer    | Gained mutation: You are very dopey. (Int -4) [Xom's
                  | mischief]
  3740 | Sewer    | XOM: give mutations
  3740 | Sewer    | Gained mutation: Scrolls take you a little longer to read.
                  | [Xom's mischief]
  3740 | Sewer    | Gained mutation: You are clumsy. (Dex -2) [Xom's mischief]
  3740 | Sewer    | Lost mutation: You occasionally shout uncontrollably at
                  | your foes. [Xom's mischief]
  3769 | Sewer    | Noticed Purgy
  3784 | Sewer    | Noticed Purgy
  3784 | Sewer    | Purgy changed into Purgy the boggart
  3784 | Sewer    | XOM: polymorph Purgy -> Purgy the boggart
  3784 | Sewer    | HP: 1/58 [Purgy the boggart (2)]
  3790 | Sewer    | HP: 1/58 [something (1)]
  3793 | Sewer    | Slain by Purgy the boggart

Illustrated notes

Levels and vault maps discovered:
D:1:      dpeg_arrival_boxorama, layout_basic, nrook_loot_triangle
D:2:      layout_loops_ring, grunt_temple_overflow_open, uniq_natasha,
          uniq_robin
D:3:      kennysheep_slugbush, layout_basic, gammafunk_temple_overflow_wave
D:4:      layout_rooms, serial_forest, infiniplex_forest_clump_double,
          infiniplex_forest_lined_corner, infiniplex_forest_clump_diagonal,
          infiniplex_forest_zigzag_1, infiniplex_forest_join,
          infiniplex_forest_lined_3, gup_sewer_entry_glass, uniq_edmund
Sewer:    kennysheep_door_sewer

Skill      XL: |  1  2  3  4  5 |
---------------+----------------+-----
Transmutations | 3 |  3.7
Shields        | 1 |  1.3
Fighting       | 2 |  2.2
Dodging        | |  2.7
Unarmed Combat | |  3.8
Spellcasting   | |  2.8

Action                   |  1- 3 |  4- 6 || total
-------------------------+-------+-------++-------
Melee: Unarmed           |    80 |    32 ||   112
       Constrict         |    20 |    24 ||    44
       Kick              |    11 |     7 ||    18
       Tentacles         |     8 |    14 ||    22
       Punch             |     1 |     2 ||     3
       Dagger            |       |    71 ||    71
Throw: Dart              |       |     2 ||     2
       Stone             |       |     1 ||     1
 Cast: Beastly Appendage |    27 |     8 ||    35
  Use: Potion            |       |     4 ||     4
       Scroll            |       |     2 ||     2
 Stab: Sleeping          |     4 |    13 ||    17
       Invisible         |       |     1 ||     1
Armor: Skin              |     2 |    17 ||    19
Dodge: Dodged            |    38 |    41 ||    79
Block: Kite shield       |     8 |    44 ||    52

Table legend: (Time is in decaauts)
 A = Elapsed time spent in this place.
 B = Non-inter-level travel time spent in this place.
 C = Inter-level travel time spent in this place.
 D = Time resting spent in this place.
 E = Time spent auto-exploring this place.
 F = Levels seen in this place.
 G = Mean time per level.
                   A        B        C        D        E       F      G
               +--------+--------+--------+--------+--------+-----+--------+
         Total |   3800 |   3709 |     91 |    610 |   2441 |   5 |  760.0 |
       Dungeon |   3639 |   3548 |     91 |    546 |   2409 |   4 |  909.8 |
         Sewer |    161 |    161 |      0 |     64 |     32 |   1 |  161.0 |
               +--------+--------+--------+--------+--------+-----+--------+

Top non-repeatable levels by time:
     D:2: 1550 daAuts
     D:1: 1204 daAuts
     D:3: 850 daAuts
   Sewer: 161 daAuts
     D:4: 34 daAuts
